 Dungeon Crawl Stone Soup version 0.30-a0-883-g5ad918d77d (webtiles) character file.

Game seed: 12484038615794722021

624 112233 the Magician (level 7, 0/42 (46) HPs)
             Began as a Demonspawn Fire Elementalist on Mar 17, 2023.
             Was a Follower of Sif Muna.
             Slain by a wight
             ... wielding a +3 long sword of freezing
              (2 damage)
             ... on level 5 of the Dungeon.
             The game lasted 00:07:48 (5587 turns).

112233 the Magician (Demonspawn Fire Elementalist)  Turns: 5587, Time: 00:07:49

HP:   0/42 (46)     AC: 11    Str:  8    XL:     7   Next: 22%
MP:   17/17         EV: 12    Int: 18    God:    Sif Muna [*.....]
Gold: 269           SH:  0    Dex: 19    Spells: 14/20 levels left

rFire   x . .      SeeInvis .    o - +6 short sword "Goblinslayer" {freeze, rF- Dex+5}
rCold   . . .      Faith    .    (no shield)
rNeg    . . .      Spirit   .    a - +0 robe
rPois   +          Reflect  .    p - +0 helmet
rElec   .          Rampage  .    v - +0 cloak
rCorr   .                        i - +0 pair of gloves
Will    .....                    (no boots)
Stlth   ++                       (no amulet)
HPRegen 0.27/turn                b - ring of poison resistance
MPRegen 0.15/turn                (no ring)

@: sanguine armoured, drained
A: ignite blood 1, powered by death 1, sanguine armour 1
a: Renounce Religion, Channel Magic


You were on level 5 of the Dungeon.
You worshipped Sif Muna.
Sif Muna was aware of your devotion.
You visited 1 branch of the dungeon, and saw 5 of its levels.

You collected 269 gold pieces.

Inventory:

Hand Weapons
 d - a +0 long sword
 o - the +6 short sword "Goblinslayer" (weapon) {freeze, rF- Dex+5}
   (You found it on level 2 of the Dungeon)

   Dex:       It affects your dexterity (+5).
   rF:        It makes you vulnerable to fire.
Armour
 a - a +0 robe (worn)
 i - a +0 pair of gloves (worn)
 p - a +0 helmet (worn)
 v - a +0 cloak (worn)
Jewellery
 b - a ring of poison resistance (left hand)
 l - a ring of ice
Wands
 k - a wand of paralysis (10)
 x - a wand of polymorph (3)
 y - a wand of acid (2)
Scrolls
 c - 2 scrolls of amnesia {unknown}
 e - a scroll of blinking {unknown}
 f - a scroll of torment {unknown}
 g - 2 scrolls of silence
 h - 3 scrolls of teleportation {unknown}
 j - a scroll of noise {unknown}
 n - 2 scrolls of identify {unknown}
 r - a scroll of enchant weapon {unknown}
 s - a scroll of poison {unknown}
Potions
 m - a potion of attraction {unknown}
 q - a potion of cancellation {unknown}
 t - a potion of resistance {unknown}
 u - a potion of degeneration {unknown}
 w - a potion of mutation {unknown}
 z - a potion of magic


   Skills:
 - Level 2.0 Dodging
 - Level 2.0 Stealth
 + Level 7.2 Spellcasting
 - Level 1.3 Conjurations
 - Level 2.8 Fire Magic


You had 14 spell levels left.
You knew the following spells:

 Your Spells              Type           Power      Damage    Failure   Level
a - Foxfire               Conj/Fire      52%        2x1d6     4%          1
b - Scorch                Fire           32%        2d6       4%          2
c - Kindle Blastsparks    Fire/Tloc/Air  18%        2d11      22%         3

Your spell library contained the following spells:

 Spells                   Type           Power      Damage    Failure   Level
 Sublimation of Blood     Necr           6%         N/A       16%         2
 Wereblood                Tmut           6%         N/A       16%         2
 Inner Flame              Hex/Fire       11%        N/A       19%         3
 Flame Wave               Conj/Fire      13%        2d6       41%         4
 Summon Hydra             Summ           3%         N/A       100%        7


Dungeon Overview and Level Annotations

Branches:
Dungeon (5/15)
 Temple: D:4-7

Altars:
Hepliaklqana
Sif Muna
Uskayaw

Annotations:
D:5 Blork the orc


Innate Abilities, Weirdness & Mutations

Your demonic aura sometimes causes spilled blood to erupt in flames.
You regenerate a little health from kills.
When seriously injured, your blood forms armour. (AC +6)


Message History

Unknown command.
Casting: Foxfire (safe; 4% risk of failure)
Confirm with . or Enter, or press ? or * to list all spells.
You conjure some foxfire!
Your foxfire dissipates!
Casting: Foxfire (safe; 4% risk of failure)
Confirm with . or Enter, or press ? or * to list all spells.
You can't see any susceptible monsters within range! (Use Z to cast anyway.) Unknown command.
Your foxfire dissipates! x2
Things that are here:
a +0 chain mail; a +0 hand axe Done exploring.
Done exploring.
Done exploring.
Done exploring.
Done exploring.
(D) Dungeon
Where to? (Enter - D:4, ? - help)
There is a stone staircase leading down here.
You climb downwards.
You hear the hiss of flowing sand.
There is an entrance to an ossuary on this level.
Hurry and find it before the portal is buried!
Level annotation: Blork the orc You hear the rapid hiss of a very distant avalanche of sand.
Blork the orc shouts!
The iguana bites you but does no damage.
The wight hits you with a +3 great sword of freezing!
You feel drained. The wight freezes you. The wight hits you with a +0 war axe.
Your blood congeals into armour.
The adder hisses angrily.
There is a stone staircase leading up, spattered with blood here.
The wight hits you from afar with a +4 spear.
The iguana bites you but does no damage.
The wight hits you with a +3 great sword of freezing!
* * * LOW HITPOINT WARNING * * *
You feel drained. The wight freezes you.
* * * LOW HITPOINT WARNING * * *
The wight hits you with a +3 long sword of freezing.
You die...

##### ######
#.....##z....##
.......@zS....#
<.....lzl..>...
.......z.......
..........o....
............(..
...............
...............
..............#


You could see Blork the orc, 2 iguanas, 4 wights and an adder.

Vanquished Creatures
  Eustachio (D:3)
  A phantom (D:2)
  2 hounds (D:4)
  A jelly (D:4)
  An iguana (D:4)
  Ijyb (D:4)
  Natasha (twice) (D:4)
  An orc wizard (D:4)
  Robin (D:4)
  4 gnolls (D:4)
  4 adders
  4 dart slugs
  5 orcs
  3 bats
  2 endoplasms
  3 giant cockroaches
  17 goblins
  12 hobgoblins
  6 kobolds
  3 quokkas
  9 ball pythons
  7 frilled lizards
  7 rats
97 creatures vanquished.

Vanquished Creatures (others)
  274 foxfires
274 creatures vanquished.

Grand Total: 371 creatures vanquished

Notes
Turn   | Place    | Note
-------+----------+-------------------------------------------
     0 | D:1      | 112233 the Demonspawn Fire Elementalist began the quest for
                  | the Orb.
     0 | D:1      | Reached XP level 1. HP: 13/13 MP: 3/3
   372 | D:1      | Gained mutation: When seriously injured, your blood forms
                  | armour. (AC +6) [demonic ancestry]
   372 | D:1      | Reached XP level 2. HP: 19/19 MP: 1/5
   533 | D:1      | Learned a level 2 spell: Scorch
  1167 | D:1      | Gained mutation: You regenerate a little health from kills.
                  | [demonic ancestry]
  1167 | D:1      | Reached XP level 3. HP: 18/24 MP: 1/7
  1395 | D:2      | Reached skill level 3 in Spellcasting
  1491 | D:2      | Found a hide-covered altar of Uskayaw.
  1812 | D:2      | Gained mutation: Your demonic aura sometimes causes spilled
                  | blood to erupt in flames. [demonic ancestry]
  1812 | D:2      | Reached XP level 4. HP: 30/30 MP: 4/9
  1901 | D:2      | You fall into a shaft and drop 1 floor!
  1967 | D:3      | Found a shimmering blue altar of Sif Muna.
  1996 | D:3      | Became a worshipper of Sif Muna the Loreminder
  2253 | D:2      | Noticed a phantom
  2262 | D:2      | Killed a phantom
  2263 | D:2      | Reached skill level 4 in Spellcasting
  2263 | D:2      | Reached XP level 5. HP: 35/35 MP: 4/12
  2330 | D:2      | Identified the +6 short sword "Goblinslayer" {freeze, rF-
                  | Dex+5}
  2650 | D:2      | Learned a level 3 spell: Kindle Blastsparks
  2909 | D:3      | Found Ajoat's Distillery.
  3514 | D:4      | Reached skill level 5 in Spellcasting
  3601 | D:4      | Noticed Eustachio
  3684 | D:3      | Killed Eustachio
  3685 | D:3      | Reached skill level 6 in Spellcasting
  3685 | D:3      | Reached XP level 6. HP: 14/41 MP: 6/15
  3912 | D:4      | Reached * piety under Sif Muna
  3922 | D:4      | Noticed Robin
  3963 | D:4      | Killed Robin
  4387 | D:4      | Noticed Ijyb
  4400 | D:4      | Killed Ijyb
  4563 | D:4      | Noticed Natasha
  4566 | D:4      | Killed Natasha
  4708 | D:4      | Reached XP level 7. HP: 46/46 MP: 10/17
  4819 | D:4      | Found a hazy altar of Hepliaklqana.
  4832 | D:4      | Noticed Natasha
  4837 | D:4      | Killed Natasha
  4962 | D:5      | Entered Level 5 of the Dungeon
  4962 | D:5      | Noticed Blork the orc
  4983 | D:4      | Reached skill level 7 in Spellcasting
  5587 | D:5      | HP: 2/42 [wight/+3 great sword of freezing (4)]
  5587 | D:5      | Slain by a wight

Illustrated notes

Levels and vault maps discovered:
D:1:      eino_arrival_water_cross, layout_basic
D:2:      layout_basic, basic_altar, minmay_cupped
D:3:      layout_basic, lemuel_round_altar, serial_shops,
          nicolae_shop_hallway_stairs, minmay_misc_feat_rugged
D:4:      layout_basic, kennysheep_mini, nicolae_elevator_lobby_asterisk,
          uniq_natasha, uniq_ijyb, uniq_eustachio, uniq_robin
D:5:      kennysheep_spiral_hall, layout_rooms, mainiacjoe_overflow_brackets,
          enter_ossuary_5, uniq_blork_the_orc, uniq_menkaure, uniq_sigmund

Skill      XL: |  1  2  3  4  5  6  7 |
---------------+----------------------+-----
Stealth        | 2 |  2.0
Dodging        | 2 |  2.0
Spellcasting   | 3 4 6 7 |  7.2
Conjurations   | |  1.3
Fire Magic     | |  2.8

Action                     |  1- 3 |  4- 6 |  7- 9 || total
---------------------------+-------+-------+-------++-------
  Melee: Long sword        |    21 |       |       ||    21
         Short sword       |       |    19 |       ||    19
   Cast: Foxfire           |    79 |    74 |    13 ||   166
         Scorch            |     2 |    31 |    18 ||    51
  Evoke: Wand              |       |     2 |       ||     2
    Use: Potion            |     1 |     3 |     2 ||     6
         Scroll            |       |     1 |       ||     1
   Stab: Paralysed         |       |     1 |       ||     1
 Armour: Robe              |    13 |    36 |    15 ||    64
  Dodge: Dodged            |    39 |    82 |     9 ||   130

Table legend: (Time is in decaauts)
 A = Elapsed time spent in this place.
 B = Non-inter-level travel time spent in this place.
 C = Inter-level travel time spent in this place.
 D = Time resting spent in this place.
 E = Time spent auto-exploring this place.
 F = Levels seen in this place.
 G = Mean time per level.
                   A        B        C        D        E       F      G
               +--------+--------+--------+--------+--------+-----+--------+
         Total |   5595 |   5452 |    143 |    501 |   4145 |   5 | 1119.0 |
       Dungeon |   5595 |   5452 |    143 |    501 |   4145 |   5 | 1119.0 |
               +--------+--------+--------+--------+--------+-----+--------+

Top non-repeatable levels by time:
     D:4: 1950 daAuts
     D:3: 1311 daAuts
     D:1: 1259 daAuts
     D:2: 1069 daAuts
     D:5: 4 daAuts
